 Dungeon Crawl Stone Soup version 0.23.2-30-g0e89c35 (webtiles) character file.

Game seed: 7305812503178050285

85 Fang the Skirmisher (level 4, -5/29 HPs)
             Began as a Gargoyle Berserker on June 6, 2019.
             Was a Believer of Trog.
             Slain by Natasha (6 damage)
             ... on level 3 of the Dungeon on June 7, 2019.
             The game lasted 00:02:14 (2048 turns).

Fang the Skirmisher (Gargoyle Berserker)            Turns: 2048, Time: 00:02:15

Health: -5/29      AC:  8    Str: 22    XL:     4   Next: 48%
Magic:  4/4        EV: 12    Int:  7    God:    Trog [**....]
Gold:   119        SH:  0    Dex:  9    Spells: 3/3 levels left

rFire    . . .     SeeInvis .   a - +0 hand axe
rCold    . . .     Gourm    .   (no shield)
rNeg     + . .     Faith    .   b - +0 animal skin
rPois    ∞         Spirit   .   (no helmet)
rElec    +         Reflect  .   f - +1 cloak
rCorr    .         Harm     .   (no gloves)
MR       .....                  (no boots)
Stlth    +.........             (no amulet)
HPRegen  0.09/turn              (no ring)
MPRegen  0.09/turn              (no ring)

@: no status effects
A: negative energy resistance 1, electricity resistance, unbreathing,
petrification resistance, rot immunity, AC +3
a: Berserk, Trog's Hand, Renounce Religion


You were on level 3 of the Dungeon.
You worshipped Trog.
Trog was pleased with you.
You were very hungry.

You visited 1 branch of the dungeon, and saw 3 of its levels.

You collected 119 gold pieces.

Inventory:

Hand Weapons
 a - a +0 hand axe (weapon)
Armour
 b - a +0 animal skin (worn)
 f - a +1 cloak (worn)
Scrolls
 h - 2 scrolls of identify {unknown}
 i - a scroll of teleportation {unknown}
 k - a scroll of enchant armour {unknown}
 l - a scroll of amnesia {unknown}
Potions
 d - a potion of magic {unknown}
 e - a potion of curing {unknown}
 g - a potion of lignification {unknown}
 j - a potion of flight {unknown}
Comestibles
 c - 6 rations


   Skills:
 + Level 4.0 Fighting
 + Level 3.3 Axes
 + Level 3.1 Armour
 + Level 2.2 Dodging


You had 3 spell levels left.
You didn't know any spells.
Your spell library was empty.

Dungeon Overview and Level Annotations

Branches:
Dungeon (3/15)

Altars:

Annotations:
D:3 Natasha


Innate Abilities, Weirdness & Mutations

You are resistant to torment.
Your stone body is resilient. (AC +3)
You are immune to poison.
You resist negative energy. (rN+)
You are resistant to electric shocks. (rElec)
You can survive without breathing.
You are immune to petrification.
You are immune to rotting.


Message History

You are too injured to fight recklessly!
You are too injured to fight recklessly!
You hit Natasha.
Natasha is almost dead.
You hit the white imp. You hit the shadow imp. Natasha closely misses you.
The white imp misses you. The shadow imp gestures at you.
Pain shoots through your body!
You barely miss Natasha.
Natasha is almost dead.
You hit the shadow imp but do no damage.
You closely miss the white imp. Natasha claws you but does no damage.
The white imp gestures at you. The puff of frost hits you.
* * * LOW HITPOINT WARNING * * *
The shadow imp gestures at you. Pain shoots through your body!
* * * LOW HITPOINT WARNING * * *
Natasha claws you.
You die...

#.# ..... #.#
..... ..# # ....
###.### #.##..#
#....$
#......##.#.#
.......<....## #
...#..55.....##.#
......h@.......)#
...#...#..#..##.#
#...#..#..# #
#...#.......
...........##.
..#.#.#....... ..
.....#.#.###.## .
.......... ... .#
#.#


You could see Natasha, a white imp and a shadow imp.

Vanquished Creatures
  3 adders (D:2)
  A dart slug (D:1)
  3 leopard geckos
  An orc (D:3)
  4 giant cockroaches
  9 goblins
  5 hobgoblins
  4 jackals (D:2)
  A quokka (D:2)
  7 bats
  3 frilled lizards
  3 kobolds
  8 rats
52 creatures vanquished.

Notes
Turn   | Place    | Note
-------+----------+-------------------------------------------
     0 | D:1      | Fang the Gargoyle Berserker began the quest for the Orb.
     0 | D:1      | Reached XP level 1. HP: 14/14 MP: 1/1
    83 | D:1      | Reached XP level 2. HP: 18/19 MP: 2/2
   137 | D:1      | Upgraded the game from 0.23.2-11-gf996548 to
                  | 0.23.2-30-g0e89c35
   484 | D:1      | Reached XP level 3. HP: 21/23 MP: 3/3
   874 | D:2      | Reached ** piety under Trog
  1098 | D:2      | Reached XP level 4. HP: 14/29 MP: 4/4
  1456 | D:2      | Reached skill level 4 in Fighting
  2029 | D:3      | Noticed Natasha
  2048 | D:3      | HP: 1/29 [shadow imp/nerve-wracking pain[Natasha] (6)]
  2048 | D:3      | Slain by Natasha

Skill      XL: |  1  2  3  4 |
---------------+-------------+-----
Axes           | 3 |  3.3
Dodging        | 2 |  2.2
Armour         | 3 |  3.1
Fighting       | 4 |  4.0

Action                   |  1- 3 |  4- 6 || total
-------------------------+-------+-------++-------
Melee: Hand axe          |   103 |    49 ||   152
Invok: Berserk           |     1 |       ||     1
  Eat: Chunk             |     1 |     2 ||     3
Armor: Animal skin       |    50 |    37 ||    87
Dodge: Dodged            |   118 |    33 ||   151
